 Dungeon Crawl Stone Soup version 0.21-a0-352-g5b8f553 (webtiles) character file.

34 namelastname112 the Sneak (level 3, -3/27 HPs)
             Began as a Vine Stalker Assassin on Oct 11, 2017.
             Killed from afar by an orc wizard (6 damage)
             ... with a magic dart
             ... on level 2 of the Dungeon.
             The game lasted 00:01:25 (1098 turns).

namelastname112 the Sneak (Vine Stalker Assassin)   Turns: 1098, Time: 00:01:26

Health: -3/27      AC: 21    Str: 13    XL:     3   Next: 31%
Magic:  0/4        EV:  2    Int: 11    God:
Gold:   60         SH:  0    Dex: 16    Spells: 2/2 levels left

rFire    . . .     SeeInvis .   (no weapon)
rCold    . . .     Gourm    .   (no shield)
rNeg     + + +     Faith    .   (armour currently unavailable)
rPois    +         Spirit   +   (helmet currently unavailable)
rElec    .         Reflect  .   (cloak currently unavailable)
rCorr    .         Harm     .   (gloves currently unavailable)
MR       .....     NoTele   +   (boots currently unavailable)
Stlth    +++.......             (no amulet)
HPRegen  0.09/turn              (no ring)
MPRegen  0.09/turn              (no ring)

@: tree-form
A: magic shield, no potion heal 3, rot immunity
a: no special abilities


You were on level 2 of the Dungeon.
You were hungry.
You were a tree.
You visited 1 branch of the dungeon, and saw 2 of its levels.

You collected 60 gold pieces.

Inventory:

Hand Weapons
 a - a +2 dagger
 b - a +0 blowgun
Missiles
 e - 48 poisoned needles
 f - 2 curare-tipped needles
Armour
 d - a +0 cloak (melded)
 o - a cursed +0 leather armour (melded)
Scrolls
 c - a scroll of magic mapping {unknown}
 h - a scroll of remove curse {unknown}
 i - 2 scrolls of identify {unknown}
 l - a scroll of immolation {unknown}
 n - a scroll of recharging {unknown}
 p - a scroll of teleportation {unknown}
Potions
 j - a potion of curing
Books
 q - a book of Maledictions

   Spells                             Type                      Level
   a - Corona                         Hexes                        1
   b - Ensorcelled Hibernation        Hexes/Ice                    2
   c - Confuse                        Hexes                        3
   d - Tukima's Dance                 Hexes                        3
   e - Dazzling Spray                 Conjuration/Hexes            3
Comestibles
 g - 2 bread rations
 m - a meat ration
 r - a chunk of flesh


   Skills:
 + Level 2.1 Fighting
 + Level 2.1 Short Blades
 - Level 1.7 Throwing
 + Level 0.8 Armour
 + Level 1.2 Dodging
 + Level 5.1 Stealth


You had 2 spell levels left.
You didn't know any spells.

Dungeon Overview and Level Annotations

Branches:
Dungeon (2/15)

Altars:


Innate Abilities, Weirdness & Mutations

((You have extremely sharp teeth.))
When hurt, damage is shared between your health and your magic reserves.
((Your bite disrupts and absorbs the magic of your enemies.))
Potions cannot restore your health.
You are immune to rotting.


Message History

* * * LOW HITPOINT WARNING * * *
You take 6 damage, and have 5/18 hp.
MASSIVE DAMAGE!!
You now have 1/4 mp.
It was a potion of curing.
That felt strangely inert.
The orc wizard casts a spell at you. You resist with some effort.
It was a potion of lignification.
You turn into a tree.
Your +0 cloak melds into your body.
Your cursed +0 leather armour melds into your body.
Your roots penetrate the ground.
The orc wizard points at you and mumbles some strange words.
The magic dart hits you!
* * * LOW HITPOINT WARNING * * *
You now have 3/27 hp.
Wield which item (- for none, * to show all)? (? for menu, Esc to quit)
You are now empty-handed.
The orc wizard casts a spell at you. The magic dart hits you!
The orc wizard casts a spell at you. The magic dart hits you!
You die...

#.# #.####...####....
###.##.................
.......####...########
######...#.# ##.##
...........# #.#


#goo# #.######## ##.## #......... #o#########.######## #go.♣.......#
############# You could see 2 orc wizards and a hobgoblin.

Vanquished Creatures
  An adder (D:2)
  2 dart slugs (D:1)
  A leopard gecko (D:2)
  2 bats (D:1)
  A giant cockroach (D:1)
  5 hobgoblins (D:1)
  2 jackals (D:2)
  A kobold (D:1)
  3 rats (D:1)
18 creatures vanquished.

Notes
Turn   | Place    | Note
-------+----------+-------------------------------------------
     0 | D:1      | namelastname112 the Vine Stalker Assassin began the quest for the Orb.
     0 | D:1      | Reached XP level 1. HP: 11/11 MP: 2/2
     6 | D:1      | Noticed a water moccasin
     6 | D:1      | Noticed a black bear
     7 | D:1      | Noticed a swamp drake
     7 | D:1      | Noticed a swamp worm
   437 | D:1      | Reached skill level 1 in Dodging
   437 | D:1      | Reached XP level 2. HP: 15/15 MP: 3/3
   439 | D:1      | Reached skill level 5 in Stealth
  1023 | D:2      | Reached XP level 3. HP: 18/18 MP: 4/4
  1098 | D:2      | Killed from afar by an orc wizard

Vault maps used:
D:1:      onia_arrival_zoo_common
D:2:      okawaru_altar_gauntlet_db, nicolae_overflow_quartered_altars,
          first_bread

Skill      XL: |  1  2 |
---------------+-------+-----
Dodging        | 1 |  1.2
Stealth        | 5 |  5.1
Fighting       | 2 |  2.1
Short Blades   | 2 |  2.1
Throwing       | |  1.7
Armour         | |  0.8

Action                   || total
-------------------------++-------
Melee: Dagger            ||    50
       Bite              ||     8
  Use: Potion            ||     2
 Stab: Sleeping          ||     6
Armor: Robe              ||     8
       Leather armour    ||     4
       Skin              ||     1
Dodge: Dodged            ||    24

Table legend:
 A = Spawn XP
 B = Non-spawn XP
 C = Spawn XP percentage of total XP
 D = Spawn monster count
 E = Non-spawn monster count
 F = Spawn count percentage of total count
 G = Total turns spent on level
                    A         B        C        D         E        F      G
               +---------+---------+-------+---------+---------+-------+---------
         Total |       0 |      49 |   0.0 |       0 |      18 |   0.0 |  1098
               +---------+---------+-------+---------+---------+-------+---------
           D:1 |       0 |      29 |   0.0 |       0 |      14 |   0.0 |   983
           D:2 |       0 |      20 |   0.0 |       0 |       4 |   0.0 |   115
               +---------+---------+-------+---------+---------+-------+---------
